 Dungeon Crawl Stone Soup version 0.20.1-1-g8b1a95d (webtiles) character file.

61 Folque the Magician (level 4, 0/29 HPs)
             Began as an Octopode Wizard on Nov 10, 2017.
             Killed from afar by Folque's ghost (4 damage)
             ... with a magic dart
             ... on level 3 of the Dungeon.
             The game lasted 00:07:10 (2389 turns).

Folque the Magician (Octopode Wizard)               Turns: 2389, Time: 00:07:12

Health: 0/29       AC:  1    Str:  6    XL:     4   Next: 7%
Magic:  3/9        EV: 13    Int: 21    God:
Gold:   85         SH:  0    Dex: 10    Spells: 2/10 levels left

rFire    . . .     SeeInvis .   f - +1 mace
rCold    . . .     Gourm    .   (no shield)
rNeg     . . .     Faith    .   a - +0 hat
rPois    .         Spirit   .   (no amulet)
rElec    .         Reflect  .   (no ring)
rCorr    .         Harm     .   (no ring)
MR       .....                  (no ring)
Stlth    +++.......             (no ring)
Regen    0.1/turn               (no ring)
MPRegen  0.2/turn               (no ring)
                                (no ring)
                                (no ring)

@: no status effects
A: almost no armour, stealthy swim, amphibious, 8 rings, constrict 8, camouflage
1, gelatinous body 1
a: no special abilities


You were on level 3 of the Dungeon.
You were not hungry.

You visited 1 branch of the dungeon, and saw 3 of its levels.

You collected 85 gold pieces.

Inventory:

Hand Weapons
 f - a +1 mace (weapon)
 l - a +1 dagger of speed
Missiles
 w - 2 tomahawks (quivered)
Armour
 a - a +0 hat (worn)
Jewellery
 g - an uncursed ring of ice
Scrolls
 d - a scroll of blinking {unknown}
 e - 4 scrolls of remove curse
 n - 3 scrolls of identify
 r - a scroll of enchant weapon
 u - a scroll of teleportation {unknown}
 x - a scroll of amnesia {unknown}
Potions
 h - a potion of curing {unknown}
 j - a potion of lignification {unknown}
 k - a potion of might {unknown}
 m - a potion of agility {unknown}
 o - a potion of degeneration {unknown}
 p - 2 potions of brilliance
 q - a potion of flight {unknown}
 s - a potion of experience {unknown}
Books
 b - a book of Minor Magic

   Spells                             Type                      Level
   a - Magic Dart                     Conjuration                  1
   b - Blink                          Translocation                2
   c - Call Imp                       Summoning                    2
   d - Slow                           Hexes                        2
   e - Conjure Flame                  Conjuration/Fire             3
   f - Mephitic Cloud                 Conjuration/Poison/Air       3
 y - a book of Misfortune

   Spells                             Type                      Level
   a - Confusing Touch                Hexes                        1
   b - Confuse                        Hexes                        3
   c - Gell's Gravitas                Translocation                3
   d - Petrify                        Transmutation/Earth          4
   e - Metabolic Englaciation         Hexes/Ice                    5
   f - Yara's Violent Unravelling     Hexes/Transmutation          5
Comestibles
 c - 3 bread rations
 i - 3 royal jellies
 v - 3 chunks of flesh


   Skills:
 - Level 2.0 Fighting
 - Level 2.0 Dodging
 - Level 2.6 Stealth
 - Level 3.5 Spellcasting
 + Level 1.5 Conjurations
 - Level 1.0 Summonings
 - Level 1.0 Translocations
 * Level 1.6 Poison Magic


You had 2 spell levels left.
You knew the following spells:

 Your Spells              Type           Power        Failure   Level  Hunger
a - Magic Dart            Conj           ##..         7%          1    None
b - Call Imp              Summ           #.......     13%         2    ##.....
c - Blink                 Tloc           N/A          13%         2    ##.....
d - Mephitic Cloud        Conj/Pois/Air  #.......     24%         3    ###....


Dungeon Overview and Level Annotations

Branches:
Dungeon (3/15)

Altars:
Cheibriados
Fedhas
Okawaru
Ru
Uskayaw

Annotations:
D:3 Folque's ghost, amateur OpWz


Innate Abilities, Weirdness & Mutations

You cannot wear most types of armour.
You are very stealthy in the water. (Stealth+)
You are amphibious.
You can wear up to eight rings at the same time.
You can use your tentacles to constrict eight enemies at once.
Your skin changes colour to match your surroundings (Stealth+).
Your rubbery body absorbs attacks. (AC +1, EV +1)


Message History

Press: ? - help, Dir - move target cursor, f - Folque's ghost
Aim: Folque's ghost Attack!
Your crimson imp hits Folque's ghost but does no damage.
Folque's ghost barely misses your crimson imp.
Your crimson imp hits Folque's ghost.
Folque's ghost hits you.
Your crimson imp hits Folque's ghost.
Some of the chunks of flesh in your inventory have rotted away.
You hit Folque's ghost.
Folque's ghost is moderately damaged.
Folque's ghost stares at you and mumbles some strange words.
The magic dart hits you!
Your crimson imp hits Folque's ghost.
You closely miss Folque's ghost.
Folque's ghost is moderately damaged.
Folque's ghost stares at you and mumbles some strange words.
The magic dart hits you!
* * * LOW HITPOINT WARNING * * *
Folque's ghost casts a spell at you. The magic dart hits you!
You die... #...# #...# #...# . #...# .. ...#### ### ..h #.....# ... h... #.....##.# hh...

#.@5.....#
......#5.W...#####
#....##.......#
####.##+##.......# .♣.♣
##................# _.♣.♣
#.................#
♣.♣..#..........#...##....
♣.♣...#..............##
##.
♣.♣....#..................


You could see Folque's ghost and 2 friendly crimson imps.

Vanquished Creatures
  An adder (D:2)
  2 leopard geckos
  An orc (D:2)
  A ball python (D:1)
  6 bats
  5 giant cockroaches
  3 hobgoblins
  6 frilled lizards
  6 goblins
  3 kobolds
  6 rats
40 creatures vanquished.

Vanquished Creatures (collateral kills)
  2 adders
  A rat (D:3)
3 creatures vanquished.

Grand Total: 43 creatures vanquished

Notes
Turn   | Place    | Note
-------+----------+-------------------------------------------
     0 | D:1      | Folque the Octopode Wizard began the quest for the Orb.
     0 | D:1      | Reached XP level 1. HP: 11/11 MP: 4/4
   226 | D:1      | Reached skill level 1 in Fighting
   324 | D:1      | Reached XP level 2. HP: 18/18 MP: 1/6
  1070 | D:2      | Found a snail-covered altar of Cheibriados.
  1136 | D:2      | Reached XP level 3. HP: 24/24 MP: 7/7
  1150 | D:2      | Learned a level 2 spell: Call Imp
  1153 | D:2      | Learned a level 2 spell: Blink
  1157 | D:2      | Learned a level 3 spell: Mephitic Cloud
  1365 | D:2      | Found a sacrificial altar of Ru.
  1920 | D:2      | Reached skill level 1 in Poison Magic
  2185 | D:3      | Found a snail-covered altar of Cheibriados.
  2185 | D:3      | Found a blossoming altar of Fedhas.
  2208 | D:3      | Found a hide-covered altar of Uskayaw.
  2223 | D:3      | Reached XP level 4. HP: 17/29 MP: 5/9
  2353 | D:3      | Found an iron altar of Okawaru.
  2383 | D:3      | Noticed Folque's ghost (amateur OpWz)
  2389 | D:3      | Killed from afar by Folque's ghost

Skill      XL: |  1  2  3 |
---------------+----------+-----
Fighting       | 1 2 |  2.0
Poison Magic   | 1 |  1.6
Dodging        | |  2.0
Stealth        | |  2.6
Spellcasting   | |  3.5
Conjurations   | |  1.5
Summonings     | |  1.0
Translocations | |  1.0

Action                   |  1- 3 |  4- 6 || total
-------------------------+-------+-------++-------
Melee: Mace              |    49 |    12 ||    61
       Constrict         |    17 |     2 ||    19
       Unarmed           |     2 |       ||     2
       Tentacles         |     6 |       ||     6
       Dagger            |    33 |       ||    33
Throw: Tomahawk          |     2 |       ||     2
 Cast: Magic Dart        |     7 |       ||     7
       Call Imp          |     5 |     2 ||     7
       Mephitic Cloud    |       |     1 ||     1
  Use: Scroll            |     3 |     1 ||     4
 Stab: Sleeping          |    10 |     1 ||    11
  Eat: Chunk             |     4 |     1 ||     5
Armor: Skin              |    11 |     3 ||    14
Dodge: Dodged            |    48 |     4 ||    52
